 Dungeon Crawl Stone Soup version 0.30-a0-253-g6b895097cc (webtiles) character file.

Game seed: 9184902531472275587

9849 Murumi the Blocker (level 11, -5/89 HPs)
             Began as a Formicid Fighter on Oct 13, 2022.
             Was a High Priest of Okawaru.
             Slain by a yak (9 damage)
             ... on level 9 of the Dungeon.
             The game lasted 00:35:22 (10547 turns).

Murumi the Blocker (Formicid Fighter)              Turns: 10547, Time: 00:35:23

Health: -5/89      AC: 19    Str: 26    XL:     11   Next: 82%
Magic:  13/14      EV: 11    Int: 13    God:    Okawaru [*****.]
Gold:   477        SH:  9    Dex: 13    Spells: 10/10 levels left

rFire   . . .      SeeInvis +    o - +0 great mace
rCold   . . .      Faith    +    c - +1 buckler
rNeg    . . .      Spirit   .    e - +0 plate armour
rPois   +          Reflect  .    (helmet unavailable)
rElec   .          Harm     .    i - +0 cloak
rCorr   .          Rampage  .    (no gloves)
Will    +....                    h - +0 pair of boots
Stlth   ..........               u - amulet of faith
HPRegen 0.34/turn                s - ring of poison resistance
MPRegen 0.14/turn                z - +6 ring of strength

@: heroic
A: permanent stasis, dig shafts and tunnels, antennae 3, four strong arms
a: Dig, Shaft Self, Renounce Religion, Heroism, Finesse, Duel


You were on level 9 of the Dungeon.
You worshipped Okawaru.
Okawaru was extremely pleased with you.
You visited 2 branches of the dungeon, and saw 11 of its levels.

You collected 606 gold pieces.
You spent 129 gold pieces at shops.

Inventory:

Hand Weapons
 k - a +2 morningstar of protection
 o - a +0 great mace (weapon)
Missiles
 b - 110 stones
 f - 6 javelins
 n - 7 boomerangs
 t - 34 poisoned darts (quivered)
 w - 3 curare-tipped darts
 x - 2 silver boomerangs
Armour
 c - a +1 buckler (worn)
 e - a +0 plate armour (worn)
 h - a +0 pair of boots (worn)
 i - a +0 cloak (worn)
Jewellery
 s - a ring of poison resistance (left hand)
 u - an amulet of faith (around neck)
 z - a +6 ring of strength (right hand)
Wands
 m - a wand of roots (6)
 r - a wand of flame (60)
 A - a wand of acid (6)
Scrolls
 a - a scroll of enchant armour
 d - 3 scrolls of identify
 l - 2 scrolls of magic mapping
 v - a scroll of fear
 y - a scroll of poison
Potions
 g - 3 potions of cancellation
 j - a potion of curing
 p - 2 potions of mutation
 q - 2 potions of attraction


   Skills:
 - Level 9.0(14.0) Fighting
 - Level 8.0(13.0) Maces & Flails
 - Level 3.0(8.0) Throwing
 - Level 9.0(14.0) Armour
 - Level 3.0(8.0) Dodging
 - Level 6.0(11.0) Stealth
 + Level 11.4(16.4) Shields
 - Level 5.0 Invocations
 - Level 4.0 Evocations


You had 10 spell levels left.
You didn't know any spells.
Your spell library contained the following spells:

 Spells                   Type           Power      Damage    Failure   Level
 Hailstorm                Conj/Ice       0%         3d3       100%        3
 Ice Form                 Ice/Tmut       0%         N/A       100%        4
 Simulacrum               Ice/Necr       Unusable   N/A       N/A         6
 Malign Gateway           Summ/Tloc      Unusable   N/A       N/A         7
 Summon Horrible Things   Summ           Unusable   N/A       N/A         8

Dungeon Overview and Level Annotations

Branches:
Dungeon (10/15)            Temple (1/1) D:5            Lair (0/5) D:10
    Orc (0/2) D:10

Altars:
Ashenzari
Cheibriados
Dithmenos
Elyvilon
Fedhas
Gozag
Hepliaklqana
Kikubaaqudgha
Makhleb
Nemelex Xobeh
Okawaru
Qazlal
Ru
Sif Muna
Trog
Uskayaw
Vehumet
Wu Jian
Xom
Yredelemnul
Zin
The Shining One

Shops:
D:2 (   D:4 !   D:5 !   D:6 (   D:9 *   D:10 [


Innate Abilities, Weirdness & Mutations

You cannot be hasted, slowed, berserked, paralysed or teleported.
You can dig through walls and to a lower floor.
You have a pair of large antennae on your head. (SInv)
Your four strong arms can wield two-handed weapons with a shield.


Message History

You feel sick. The hornet stings you.
* * * LOW HITPOINT WARNING * * *
The hornet stings you but does no damage.
You closely miss the hornet.
The hornet is moderately wounded.
You feel sick. You block the hornet's attack.
The hornet stings you but does no damage.
You hit the hornet but do no damage.
The hornet is moderately wounded.
You feel sick. The hornet stings you!
* * * LOW HITPOINT WARNING * * *
The hornet stings you but does no damage.
Okay, then.
You gain the combat prowess of a mighty hero.
You feel sick.
The hornet stings you but does no damage.
You thump the hornet!
The hornet is severely wounded.
You feel sick. The hornet stings you.
* * * LOW HITPOINT WARNING * * *
You block the hornet's attack.
You feel better. The hornet closely misses you.
You barely miss the hornet.
The hornet is severely wounded.
You block the hornet's attack. The hornet stings you!
* * * LOW HITPOINT WARNING * * *
You thump the hornet!
You kill the hornet!
Okawaru accepts your kill.
You sock the yak!
The yak is heavily wounded.
The yak barely misses you.
You bludgeon the yak!!
You kill the yak!
Okawaru accepts your kill.
Okay, then.
You bludgeon the yak!!
The yak is heavily wounded.
The yak gores you but does no damage. The yak gores you!
You die...

. Y . #. .......
. #Y .......# .
#.## #......# .
#...###......#
#..Y#......#
#Y#......#
#@#......###
#...........
##..........
#..........
#..#####...
#######..#######
................
##
########.#######
.. ##########
#...### . ##


You could see 2 yaks.

Vanquished Creatures
  A two-headed ogre (D:9)
  The ghost of Smoky173 the Fighter, a novice DrBe of Trog (D:7)
  The ghost of kthxbai the Summoner, a novice OpSu of Gozag (D:7)
  Pikel (D:8)
  The ghost of Decritt the Sneak, a novice VSEn (D:7)
  Maurice (D:8)
  A kobold demonologist (D:10)
  5 hornets
  8 yaks
  A wraith (D:10)
  Grum (D:8)
  A steam dragon (D:5)
  4 orc warriors
  A water moccasin (D:6)
  A sky beast (D:7)
  2 black bears
  An ice beast (D:6)
  2 centaurs
  2 wolves (D:8)
  2 lemures (D:8)
  A phantom (D:6)
  3 gnoll sergeants
  5 kobold brigands
  A bullfrog (D:6)
  A necrophage (D:5)
  3 wights (D:8)
  6 scorpions
  14 killer bees
  4 howler monkeys
  3 hounds
  3 jellies
  4 orc priests
  Crazy Yiuf (D:6)
  13 orc wizards
  3 iguanas
  9 gnolls
  3 adders
  A shadow imp (D:6)
  2 white imps
  3 worms
  2 dart slugs
  29 orcs
  9 ball pythons
  4 endoplasms
  4 giant cockroaches
  10 goblins
  12 hobgoblins
  14 jackals
  24 kobolds
  5 quokkas
  9 bats
  A frilled lizard (D:1)
  6 rats
250 creatures vanquished.

Vanquished Creatures (others)
  A fungus (D:6)
  4 withered plants (D:7)
5 creatures vanquished.

Grand Total: 255 creatures vanquished

Notes
Turn   | Place    | Note
-------+----------+-------------------------------------------
     0 | D:1      | Murumi the Formicid Fighter began the quest for the Orb.
     0 | D:1      | Reached XP level 1. HP: 18/18 MP: 1/1
   125 | D:1      | Reached XP level 2. HP: 25/25 MP: 2/2
   279 | D:1      | Reached XP level 3. HP: 30/30 MP: 3/3
   627 | D:1      | Found a faded altar of an unknown god.
   683 | D:2      | Reached skill level 1 in Stealth
   743 | D:1      | Reached skill level 1 in Throwing
   875 | D:2      | Reached XP level 4. HP: 26/37 MP: 4/4
   955 | D:2      | Reached skill level 1 in Dodging
   993 | D:2      | Found Eriumepi's Weapon Emporium.
  2215 | D:2      | Bought a +1 morningstar of protection for 129 gold pieces
  2311 | D:3      | Reached XP level 5. HP: 42/42 MP: 5/5
  2541 | D:3      | Found an ornate altar of the Wu Jian Council.
  2658 | D:3      | HP: 1/42 [orc priest/divine providence (13)]
  2664 | D:3      | Reached skill level 5 in Shields
  2956 | D:4      | Found Goukh's Distillery.
  3132 | D:4      | Identified the +1 ring mail "Oxtenn" {-Cast rCorr Slay+3}
  3316 | D:5      | Entered Level 5 of the Dungeon
  3328 | D:5      | Reached XP level 6. HP: 48/48 MP: 6/6
  3355 | D:5      | Reached skill level 6 in Shields
  3384 | D:5      | Found Eseu's Distillery.
  3538 | D:5      | Noticed a steam dragon
  3552 | D:5      | Killed a steam dragon
  3553 | D:5      | Reached XP level 7. HP: 47/55 MP: 7/7
  3646 | D:5      | Reached skill level 5 in Fighting
  3727 | D:5      | Found a glowing silver altar of Zin.
  3727 | D:5      | Found a white marble altar of Elyvilon.
  3728 | D:5      | Found a glowing golden altar of the Shining One.
  3882 | D:5      | Reached skill level 7 in Shields
  3887 | D:5      | Reached XP level 8. HP: 57/62 MP: 8/8
  3961 | D:5      | Reached skill level 5 in Armour
  4007 | D:5      | Reached skill level 8 in Shields
  4257 | D:5      | Found a staircase to the Ecumenical Temple.
  4430 | Temple   | Entered the Ecumenical Temple
  4626 | Temple   | Became a worshipper of Warmaster Okawaru
  4778 | D:6      | Reached skill level 1 in Invocations
  4778 | D:6      | Reached skill level 1 in Evocations
  4905 | D:6      | Found Zanirph's Weapon Shop.
  4999 | D:6      | Found an opulent altar of Gozag.
  5058 | D:6      | Found a basalt altar of Yredelemnul.
  5316 | D:6      | Found a runed translucent door.
  5317 | D:6      | Noticed Crazy Yiuf
  5326 | D:6      | Killed Crazy Yiuf
  5513 | D:6      | Reached skill level 5 in Maces & Flails
  5513 | D:6      | Reached XP level 9. HP: 61/68 MP: 11/11
  5603 | D:6      | Reached * piety under Okawaru
  5764 | D:7      | Noticed a hornet
  5778 | D:7      | HP: 3/69 [hornet (6)]
  5782 | D:7      | Killed a hornet
  5790 | D:7      | Reached skill level 9 in Shields
  5792 | D:7      | HP: 3/69 [kobold/+0 club (4)]
  6048 | D:7      | Found an ancient bone altar of Kikubaaqudgha.
  6080 | D:7      | Found a runed translucent gate.
  6080 | D:7      | Found a runed translucent gate.
  6080 | D:7      | Found a runed translucent gate.
  6081 | D:7      | Noticed Decritt's ghost (novice VSEn)
  6081 | D:7      | Noticed kthxbai's ghost (novice OpSu)
  6084 | D:7      | Noticed Smoky173's ghost (novice DrBe)
  6307 | D:7      | Found a burning altar of Makhleb.
  6655 | D:7      | Killed kthxbai's ghost
  6655 | D:7      | Reached ** piety under Okawaru
  6656 | D:7      | Reached XP level 10. HP: 56/79 MP: 13/13
  6672 | D:7      | Killed Decritt's ghost
  6679 | D:7      | Killed Smoky173's ghost
  6679 | D:7      | Reached *** piety under Okawaru
  6680 | D:7      | Reached skill level 5 in Stealth
  6680 | D:7      | Reached skill level 10 in Shields
  7081 | D:8      | Noticed Grum
  7091 | D:8      | Killed Grum
  7095 | D:8      | Received a gift from Okawaru
  7321 | D:8      | Noticed Maurice
  7348 | D:8      | Killed Maurice
  7540 | D:8      | Reached **** piety under Okawaru
  7687 | D:8      | Noticed Pikel
  7709 | D:8      | Killed Pikel
  7938 | D:8      | Reached XP level 11. HP: 61/86 MP: 14/14
  8147 | D:8      | Reached skill level 5 in Invocations
  8482 | D:8      | Found a stormy altar of Qazlal.
  8483 | D:8      | You fall into a shaft and drop 2 floors!
  8483 | D:10     | Entered Level 10 of the Dungeon
  8632 | D:10     | Found a staircase to the Lair.
  8800 | D:10     | Found a staircase to the Orcish Mines.
  9030 | D:10     | Reached ***** piety under Okawaru
  9039 | D:10     | HP: 4/89 [yak (10)]
  9332 | D:10     | Reached skill level 11 in Shields
  9364 | D:10     | Found Uhasoexa's Antique Armour Shoppe.
  9375 | D:9      | Found Aniezuge's General Store.
  9380 | D:9      | Noticed a two-headed ogre
  9393 | D:9      | Killed a two-headed ogre
  9393 | D:9      | Received a gift from Okawaru
 10221 | D:8      | Found a blossoming altar of Fedhas.
 10226 | D:8      | Found a shadowy altar of Dithmenos.
 10541 | D:9      | HP: 4/89 [hornet (6)]
 10547 | D:9      | Slain by a yak

Illustrated notes

Levels and vault maps discovered:
D:1:      nzn_arrival_water_spiral, layout_basic, ebering_ecumenical_altar_box,
          nicolae_figureground_pulse
D:2:      layout_basic, serial_shops, shop
D:3:      layout_loops_ring, nicolae_wu_jian_immortal_techniques
D:4:      layout_rooms, serial_shops, nicolae_shop_hallway_stairs,
          serial_bayou_pond_e, minmay_misc_feat_encased
D:5:      layout_basic, good_gods_temple_1, minmay_temple_entry_fiery,
          serial_shops, nicolae_square_shop, minmay_starry_boxes
D:6:      layout_cave_pools, grunt_gozag_statues, yredelemnul_altar_generic,
          serial_shops, nicolae_shop_competitors_out_of_business,
          uniq_crazy_yiuf_cottage
D:7:      layout_gridville, lemuel_tele_altar,
          mainiacjoe_overflow_cross_hatched, gammafunk_ghost_cemetery
D:8:      layout_loops_corners, grunt_temple_overflow_diamond, uniq_maurice,
          uniq_pikel, uniq_grum
D:9:      layout_rooms, serial_shops, shop
D:10:     layout_irregular_city, dpeg_oklobed_lair, david_orc_2,
          grunt_ministairs_12, nicolae_stop_n_shop_1, dk_noncrumbling_4
Temple:   grunt_temple_mini_profane

Skill      XL: |  1  2  3  4  5  6  7  8  9 10 11 |
---------------+----------------------------------+-----
Fighting       | 4 5 7 8 9 |  9.0
Armour         | 4 5 7 8 9 |  9.0
Stealth        | 1 2 3 4 5 6 |  6.0
Throwing       | 1 2 3 |  3.0
Dodging        | 1 2 3 |  3.0
Maces & Flails | 3 4 5 7 8 |  8.0
Shields        | 5 6 7 8 9 10 11 | 11.4
Invocations    | 3 4 5 |  5.0
Evocations     | 2 3 4 |  4.0

Action                   |  1- 3 |  4- 6 |  7- 9 | 10-12 || total
-------------------------+-------+-------+-------+-------++-------
Melee: Flail             |   128 |    96 |       |       ||   224
       Morningstar       |       |    96 |       |       ||    96
       Great mace        |       |    10 |   269 |   449 ||   728
Throw: Javelin           |       |       |     1 |       ||     1
       Dart              |       |       |       |     2 ||     2
Invok: Heroism           |       |       |     1 |     7 ||     8
 Abil: Dig               |       |       |     1 |     2 ||     3
  Use: Scroll            |     2 |    13 |     4 |       ||    19
       Potion            |       |     1 |     3 |     3 ||     7
 Stab: Invisible         |       |       |     1 |       ||     1
Armor: Plate armour      |   128 |   152 |   249 |   267 ||   796
Dodge: Dodged            |    36 |    55 |   105 |   159 ||   355
Block: Buckler           |    28 |    54 |   125 |   199 ||   406

Table legend: (Time is in decaauts)
 A = Elapsed time spent in this place.
 B = Non-inter-level travel time spent in this place.
 C = Inter-level travel time spent in this place.
 D = Time resting spent in this place.
 E = Time spent auto-exploring this place.
 F = Levels seen in this place.
 G = Mean time per level.
                   A        B        C        D        E       F      G
               +--------+--------+--------+--------+--------+-----+--------+
         Total |  10950 |  10006 |    944 |    647 |   7083 |  11 |  995.5 |
       Dungeon |  10725 |   9832 |    893 |    647 |   6912 |  10 | 1072.5 |
        Temple |    225 |    175 |     50 |      0 |    171 |   1 |  225.0 |
               +--------+--------+--------+--------+--------+-----+--------+

Top non-repeatable levels by time:
     D:8: 1792 daAuts
     D:7: 1353 daAuts
     D:2: 1151 daAuts
     D:5: 1127 daAuts
     D:3: 1066 daAuts
     D:9: 993 daAuts
     D:6: 957 daAuts
    D:10: 938 daAuts
     D:1: 808 daAuts
     D:4: 535 daAuts
  Temple: 225 daAuts
